Chicago Black Hawks vs Pittsburgh Penguins

Created - Wednesday, March 4, 2026 at 07:47

Goals
1 2 3 T
Chicago Black Hawks 0 2 0 2
Pittsburgh Penguins 2 1 2 5
Shots
1 2 3 T
Chicago Black Hawks 13 14 11 38
Pittsburgh Penguins 12 12 5 29

1st period

1. Pittsburgh Penguins , Gabriel Vilardi 12 (Tage Thompson 26, Pavel Buchnevich 21) at 0:30
2. Pittsburgh Penguins , Erik Karlsson 3 (Unassisted) at 1:35

Penalties :
Travis Sanheim (PIT) for Hooking (Minor) at 1:39, Zemgus Girgensons (PIT) for Hooking (Minor) at 18:16

2nd period

3. Pittsburgh Penguins , Leon Draisaitl 15 (Mitchell Marner 30, Erik Gudbranson 3) at 7:49
4. Chicago Black Hawks , Matthew Beniers 11 (Shane Wright 11, Kevin Fiala 9) at 12:56
5. Chicago Black Hawks , Matthew Beniers 12 (Shane Wright 12) at 14:32

Penalties :
No Penalty

3rd period

6. Pittsburgh Penguins , Sam Reinhart 12 (Mitchell Marner 31, Leon Draisaitl 19) at 1:16 (PP)
7. Pittsburgh Penguins , Mattias Ekholm 2 (Pavel Buchnevich 22, Gabriel Vilardi 15) at 14:25 (PP)

Penalties :
Lucas Raymond (CHI) for Slashing (Minor) at 1:05, Zachary Werenski (CHI) for Hooking (Minor) at 11:38, Ryan Lindgren (CHI) for Hooking (Minor) at 14:17, Trevor Zegras (CHI) for Cross-checking (Minor) at 15:55

Goalie Stats

Jesper Wallstedt (CHI), 24 saves from 29 shots - (0.828), L, 11-4-0, 60:00 minutes
Jordan Binnington (PIT), 36 saves from 38 shots - (0.947), W, 20-9-2, 60:00 minutes

Players Stats for Chicago Black Hawks

Player Name              G  A  P  +/- PIM S  H  SB GA TA FO     MP     PP MP  PK MP  
------------------------------------------------------------------------------------
Barrett Hayton           0  0  0  -2  0   5  1  1  0  0  11/20  18:29   2:04   1:56 
Brent Burns              0  0  0   0  0   1  2  2  0  1  0/0    26:13   2:00   1:58 
Christopher Tanev        0  0  0   0  0   1  1  0  1  0  0/0    20:08   1:58   2:23 
Eeli Tolvanen            0  0  0   2  0   2  0  0  0  1  1/1    13:24   0:00   0:03 
Justin Faulk             0  0  0   0  0   0  1  0  0  1  0/0    20:21   1:58   2:19 
Kevin Fiala              0  1  1   0  0   1  5  0  1  0  0/1    19:10   1:54   2:05 
Leo Carlsson             0  0  0   0  0   2  0  4  1  1  10/23  18:54   1:54   2:06 
Lucas Raymond            0  0  0   0  2   2  0  0  0  0  0/5    18:53   1:54   2:06 
Luke Glendening          0  0  0  -1  0   1  2  0  0  0  2/2     8:44   0:00   0:00 
Matthew Beniers          2  0  2   2  0   6  2  0  1  0  6/12   15:20   2:04   0:00 
Morgan Geekie            0  0  0  -2  0   7  3  0  1  0  1/1    14:25   0:00   0:00 
Noah Dobson              0  0  0  -1  0   1  0  0  1  2  0/0    13:55   0:00   0:12 
Ryan Lindgren            0  0  0  -1  2   0  1  0  0  1  0/0    14:19   0:00   0:54 
Ryan Suzuki              0  0  0  -2  0   0  1  0  0  0  2/2    14:25   0:00   0:00 
Shane Wright             0  2  2   2  0   5  0  0  2  0  0/0    15:35   2:04   0:06 
Trevor Lewis             0  0  0  -1  0   0  0  0  0  2  0/0     8:44   0:00   0:00 
Trevor Zegras            0  0  0  -1  2   1  1  0  1  0  0/0     9:21   0:00   0:12 
Zachary Werenski         0  0  0   0  2   3  2  1  0  0  0/0    25:19   2:00   0:48 

Players Stats for Pittsburgh Penguins

Player Name              G  A  P  +/- PIM S  H  SB GA TA FO     MP     PP MP  PK MP  
------------------------------------------------------------------------------------
Blake Coleman            0  0  0  -1  0   3  3  0  0  0  1/3    13:14   0:00   0:00 
Brian Dumoulin           0  0  0  -1  0   0  1  4  1  1  0/0    20:21   2:13   1:55 
Carson Soucy             0  0  0   1  0   1  0  0  0  1  0/0    12:51   0:00   0:00 
Christian Dvorak         0  0  0   0  0   0  1  0  0  1  0/0     9:03   0:00   0:00 
Erik Gudbranson          0  1  1   1  0   0  0  1  0  1  0/0    14:20   0:00   1:21 
Erik Karlsson            1  0  1   1  0   2  2  2  1  0  0/0    26:48   2:04   2:03 
Gabriel Vilardi          1  1  2   1  0   3  1  0  1  1  0/1    16:43   2:09   0:00 
Jordan Eberle            0  0  0  -1  0   1  0  0  1  0  0/1    13:14   0:00   0:00 
Leon Draisaitl           1  1  2   1  0   6  0  0  1  0  8/16   18:51   2:08   1:56 
Mattias Ekholm           1  0  1  -1  0   1  0  0  1  0  0/0    20:21   2:13   1:55 
Mitchell Marner          0  2  2   1  0   2  1  1  2  1  2/3    18:51   2:08   1:56 
Pavel Buchnevich         0  2  2   1  0   1  3  0  0  0  0/0    16:43   2:09   0:00 
Phillip Danault          0  0  0   0  0   1  0  0  0  0  1/3     9:03   0:00   0:00 
Ryan O'Reilly            0  0  0  -1  0   1  1  0  0  0  6/13   13:14   0:00   0:00 
Sam Reinhart             1  0  1   1  0   3  0  0  0  0  2/4    19:03   2:08   2:02 
Tage Thompson            0  1  1   1  0   3  0  0  0  0  14/23  18:52   2:09   2:02 
Travis Sanheim           0  0  0   0  2   1  2  1  1  2  0/0    25:18   2:04   0:42 
Zemgus Girgensons        0  0  0   0  2   0  2  0  0  1  0/0     9:09   0:00   0:00 

3 Stars

1 - Matthew Beniers (CHI)
2 - Gabriel Vilardi (PIT)
3 - Jordan Binnington (PIT)

Power Play

Chicago Black Hawks - 0 on 2 Attempt(s) - 0.00%
Pittsburgh Penguins - 2 on 4 Attempt(s) - 50.00%

Penalty Kill

Chicago Black Hawks - 2 on 4 Attempt(s) - 50.00% - Score 0 goal in Penalty Kill
Pittsburgh Penguins - 2 on 2 Attempt(s) - 100.00% - Score 0 goal in Penalty Kill

Team Stat

Chicago Black Hawks - Hits : 22 - Faceoff Wins : 33 - Blocked Shots : 8 - Penalty Minutes : 8
Pittsburgh Penguins - Hits : 17 - Faceoff Wins : 34 - Blocked Shots : 9 - Penalty Minutes : 4

Official

Referees : Gord Dwyer and Ian Walsh
Linesman : Bevan Mills and Mitchell Hunt

Game Notes

1:35 of 1st period - Penalty Shot by Erik Karlsson for Pittsburgh Penguins - Goal!
1:16 of 3rd period - Pittsburgh Penguins goal is going for a video replay. After video review, Goal.

Finance

Level 1 -- Attendance: 4854 (80.90%) -- Ticket Income $485,400
Level 2 -- Attendance: 3923 (78.46%) -- Ticket Income $235,380
Level 3 -- Attendance: 2323 (77.43%) -- Ticket Income $81,305
Level 4 -- Attendance: 3625 (72.50%) -- Ticket Income $90,625
Luxury Box -- Attendance: 853 (85.30%) -- Ticket Income $170,600
Game was played at the Consol Energy Center.
Total Attendance: 15578 (77.89%)
Total Ticket Income: $1,063,310
Other Income: $372,158
Total Income: $1,435,468

Chicago Black Hawks

5 vs 5 Forward 
   Center                   Left Wing                Right Wing               Time % Phy DF OF 
 1 Leo Carlsson             Lucas Raymond            Kevin Fiala              30     1   2  2  
 2 Barrett Hayton           Ryan Suzuki              Morgan Geekie            30     1   2  2  
 3 Matthew Beniers          Shane Wright             Eeli Tolvanen            25     1   2  2  
 4 Luke Glendening          Trevor Zegras            Trevor Lewis             15     1   2  2  

5 vs 5 Defense 
   Defense                  Defense                                           Time % Phy DF OF 
 1 Zachary Werenski         Brent Burns                                       30     1   2  2  
 2 Justin Faulk             Christopher Tanev                                 30     1   2  2  
 3 Noah Dobson              Ryan Lindgren                                     25     1   2  2  
 4 Zachary Werenski         Brent Burns                                       15     1   2  2  

PowerPlay Forward 
   Center                   Left Wing                Right Wing               Time % Phy DF OF 
 1 Leo Carlsson             Lucas Raymond            Kevin Fiala              50     1   2  2  
 2 Barrett Hayton           Matthew Beniers          Shane Wright             50     1   2  2  

PowerPlay Defense
   Defense                  Defense                                           Time % Phy DF OF 
 1 Zachary Werenski         Brent Burns                                       50     1   2  2  
 2 Justin Faulk             Christopher Tanev                                 50     1   2  2  

Penalty Kill 4 Players Forward 
   Center                   Wing                     Time % Phy DF OF 
 1 Leo Carlsson             Lucas Raymond            50     1   2  2  
 2 Kevin Fiala              Barrett Hayton           50     1   2  2  

Penalty Kill 4 Players Defense
   Defense                  Defense                  Time % Phy DF OF 
 1 Zachary Werenski         Brent Burns              50     1   2  2  
 2 Justin Faulk             Christopher Tanev        50     1   2  2  

Penalty Kill - 3 Players Forward 
   Forward                                           Time % Phy DF OF 
 1 Leo Carlsson                                      50     1   2  2  
 2 Lucas Raymond                                     50     1   2  2  

Penalty Kill - 3 Players Defense
   Defense                  Defense                  Time % Phy DF OF 
 1 Zachary Werenski         Brent Burns              50     1   2  2  
 2 Justin Faulk             Christopher Tanev        50     1   2  2  

4 vs 4 Forward 
   Center                   Wing                     Time % Phy DF OF 
 1 Leo Carlsson             Lucas Raymond            50     1   2  2  
 2 Kevin Fiala              Barrett Hayton           50     1   2  2  

4 vs 4 Defense
   Defense                  Defense                  Time % Phy DF OF 
 1 Zachary Werenski         Brent Burns              50     1   2  2  
 2 Justin Faulk             Christopher Tanev        50     1   2  2  

Last Minutes Offensive
   Center                   Left Wing                Right Wing               Defense                  Defense                  
   Leo Carlsson             Lucas Raymond            Kevin Fiala              Zachary Werenski         Brent Burns              

Last Minutes Defensive
   Center                   Left Wing                Right Wing               Defense                  Defense                  
   Leo Carlsson             Lucas Raymond            Kevin Fiala              Zachary Werenski         Brent Burns              

Goaltenders
Starting : Jesper Wallstedt         
Backup : Filip Gustavsson         

Extra Forwards
Normal : Matthew Beniers, Shane Wright, Lucas Raymond - PP : Matthew Beniers, Shane Wright - PK : Leo Carlsson
Extra Defensemen
Normal : Noah Dobson, Ryan Lindgren, Justin Faulk - PP : Noah Dobson - PK : Ryan Lindgren, Justin Faulk
Penalty Shots
Leo Carlsson, Lucas Raymond, Kevin Fiala, Barrett Hayton, Matthew Beniers

Scratches
Simon Nemec (Healthy), Zach Whitecloud (Healthy)

Pittsburgh Penguins

5 vs 5 Forward 
   Center                   Left Wing                Right Wing               Time % Phy DF OF 
 1 Leon Draisaitl           Sam Reinhart             Mitchell Marner          30     1   2  2  
 2 Tage Thompson            Pavel Buchnevich         Gabriel Vilardi          30     1   2  2  
 3 Ryan O'Reilly            Blake Coleman            Jordan Eberle            25     1   2  2  
 4 Phillip Danault          Zemgus Girgensons        Christian Dvorak         15     1   2  2  

5 vs 5 Defense 
   Defense                  Defense                                           Time % Phy DF OF 
 1 Travis Sanheim           Erik Karlsson                                     30     1   2  2  
 2 Brian Dumoulin           Mattias Ekholm                                    30     1   2  2  
 3 Carson Soucy             Erik Gudbranson                                   25     1   2  2  
 4 Travis Sanheim           Erik Karlsson                                     15     1   2  2  

PowerPlay Forward 
   Center                   Left Wing                Right Wing               Time % Phy DF OF 
 1 Leon Draisaitl           Sam Reinhart             Mitchell Marner          50     1   2  2  
 2 Tage Thompson            Pavel Buchnevich         Gabriel Vilardi          50     1   2  2  

PowerPlay Defense
   Defense                  Defense                                           Time % Phy DF OF 
 1 Travis Sanheim           Erik Karlsson                                     50     1   2  2  
 2 Brian Dumoulin           Mattias Ekholm                                    50     1   2  2  

Penalty Kill 4 Players Forward 
   Center                   Wing                     Time % Phy DF OF 
 1 Mitchell Marner          Leon Draisaitl           50     1   2  2  
 2 Sam Reinhart             Tage Thompson            50     1   2  2  

Penalty Kill 4 Players Defense
   Defense                  Defense                  Time % Phy DF OF 
 1 Travis Sanheim           Erik Karlsson            50     1   2  2  
 2 Brian Dumoulin           Mattias Ekholm           50     1   2  2  

Penalty Kill - 3 Players Forward 
   Forward                                           Time % Phy DF OF 
 1 Mitchell Marner                                   50     1   2  2  
 2 Leon Draisaitl                                    50     1   2  2  

Penalty Kill - 3 Players Defense
   Defense                  Defense                  Time % Phy DF OF 
 1 Travis Sanheim           Erik Karlsson            50     1   2  2  
 2 Brian Dumoulin           Mattias Ekholm           50     1   2  2  

4 vs 4 Forward 
   Center                   Wing                     Time % Phy DF OF 
 1 Mitchell Marner          Leon Draisaitl           50     1   2  2  
 2 Sam Reinhart             Tage Thompson            50     1   2  2  

4 vs 4 Defense
   Defense                  Defense                  Time % Phy DF OF 
 1 Travis Sanheim           Erik Karlsson            50     1   2  2  
 2 Brian Dumoulin           Mattias Ekholm           50     1   2  2  

Last Minutes Offensive
   Center                   Left Wing                Right Wing               Defense                  Defense                  
   Leon Draisaitl           Sam Reinhart             Mitchell Marner          Travis Sanheim           Erik Karlsson            

Last Minutes Defensive
   Center                   Left Wing                Right Wing               Defense                  Defense                  
   Leon Draisaitl           Sam Reinhart             Mitchell Marner          Travis Sanheim           Erik Karlsson            

Goaltenders
Starting : Jordan Binnington        
Backup : John Gibson              

Extra Forwards
Normal : Christian Dvorak, Ryan O'Reilly, Blake Coleman - PP : Christian Dvorak, Ryan O'Reilly - PK : Blake Coleman
Extra Defensemen
Normal : Carson Soucy, Erik Gudbranson, Brian Dumoulin - PP : Carson Soucy - PK : Erik Gudbranson, Brian Dumoulin
Penalty Shots
Mitchell Marner, Leon Draisaitl, Sam Reinhart, Tage Thompson, Ryan O'Reilly

Scratches
None


% Time on Ice - Chicago Black Hawks

Lines # - Real PCT - Wanted PCT - Time Play
Normal Forward
1 - 29% - 30% - 14:54
2 - 29% - 30% - 14:55
3 - 26% - 25% - 13:12
4 - 17% - 15% - 8:44
Normal Defense
1 - 30% - 30% - 15:42
2 - 30% - 30% - 15:47
3 - 26% - 25% - 13:26
4 - 13% - 15% - 6:50
PP Forward
1 - 48% - 50% - 1:54
2 - 52% - 50% - 2:04
PP Defense
1 - 50% - 50% - 2:00
2 - 50% - 50% - 1:58
PK Forward
1 - 49% - 50% - 2:06
2 - 51% - 50% - 2:11
PK Defense
1 - 51% - 50% - 2:10
2 - 49% - 50% - 2:07
PK3 Forward
1 - 0% - 50%
2 - 0% - 50%
PK3 Defense
1 - 0% - 50%
2 - 0% - 50%
44 Forward
1 - 0% - 50%
2 - 0% - 50%
44 Defense
1 - 0% - 50%
2 - 0% - 50%
Last Minute Offensive  - 0:00
Last Minute Defensive  - 0:00
Total
Forward - 60:00
Defense - 60:00

% Time on Ice - Pittsburgh Penguins

Lines # - Real PCT - Wanted PCT - Time Play
Normal Forward
1 - 29% - 30% - 14:47
2 - 28% - 30% - 14:41
3 - 26% - 25% - 13:14
4 - 17% - 15% - 9:03
Normal Defense
1 - 31% - 30% - 15:51
2 - 31% - 30% - 16:13
3 - 25% - 25% - 12:51
4 - 13% - 15% - 6:50
PP Forward
1 - 50% - 50% - 2:08
2 - 50% - 50% - 2:09
PP Defense
1 - 48% - 50% - 2:04
2 - 52% - 50% - 2:13
PK Forward
1 - 49% - 50% - 1:56
2 - 51% - 50% - 2:02
PK Defense
1 - 52% - 50% - 2:03
2 - 48% - 50% - 1:55
PK3 Forward
1 - 0% - 50%
2 - 0% - 50%
PK3 Defense
1 - 0% - 50%
2 - 0% - 50%
44 Forward
1 - 0% - 50%
2 - 0% - 50%
44 Defense
1 - 0% - 50%
2 - 0% - 50%
Last Minute Offensive  - 0:00
Last Minute Defensive  - 0:00
Total
Forward - 60:00
Defense - 60:00

Play-by-Play

1st period


0:01 of 1st period - Leo Carlsson wins face-off versus Leon Draisaitl in neutral zone.
0:12 of 1st period - Snap shot by Lucas Raymond.
0:12 of 1st period - Stopped by Jordan Binnington without a rebound.
0:13 of 1st period - Tage Thompson wins face-off versus Barrett Hayton in Pittsburgh Penguins zone.
0:13 of 1st period - Tage Thompson is hit by Justin Faulk.
0:30 of 1st period - Snap shot by Gabriel Vilardi.
0:30 of 1st period - Goal by Gabriel Vilardi - Chicago Black Hawks : 0 - Pittsburgh Penguins : 1.
0:31 of 1st period - Matthew Beniers wins face-off versus Ryan O'Reilly in neutral zone.
0:34 of 1st period - Wrist shot by Eeli Tolvanen.
0:34 of 1st period - Stopped by Jordan Binnington with a rebound.
0:40 of 1st period - Slapshot by Shane Wright.
0:40 of 1st period - Shot Blocked by Erik Gudbranson.
1:35 of 1st period - Penalty Shot by Erik Karlsson for Pittsburgh Penguins.
1:35 of 1st period - Deke by Erik Karlsson.
1:35 of 1st period - Goal by Erik Karlsson - Chicago Black Hawks : 0 - Pittsburgh Penguins : 2.
1:36 of 1st period - Morgan Geekie wins face-off versus Tage Thompson in neutral zone.
1:37 of 1st period - Tage Thompson wins face-off versus Barrett Hayton in Pittsburgh Penguins zone.
1:39 of 1st period - Minor Penalty to Travis Sanheim for Hooking.
1:40 of 1st period - Leo Carlsson wins face-off versus Leon Draisaitl in Pittsburgh Penguins zone.
1:40 of 1st period - Snap shot by Lucas Raymond.
1:40 of 1st period - Shot Blocked by Mitchell Marner.
1:42 of 1st period - Wrist shot by Leo Carlsson.
1:42 of 1st period - Deflect By Kevin Fiala.
1:42 of 1st period - Stopped by Jordan Binnington without a rebound.
1:43 of 1st period - Mitchell Marner wins face-off versus Leo Carlsson in Pittsburgh Penguins zone.
2:39 of 1st period - Snap shot by Tage Thompson.
2:39 of 1st period - Stopped by Jesper Wallstedt without a rebound.
2:40 of 1st period - Sam Reinhart wins face-off versus Barrett Hayton in Chicago Black Hawks zone.
2:43 of 1st period - Snap shot by Tage Thompson.
2:43 of 1st period - Shot Misses the Net.
2:49 of 1st period - Wrist shot by Barrett Hayton.
2:49 of 1st period - Stopped by Jordan Binnington without a rebound.
2:50 of 1st period - Barrett Hayton wins face-off versus Mitchell Marner in Pittsburgh Penguins zone.
2:55 of 1st period - Wrist shot by Matthew Beniers.
2:55 of 1st period - Shot Blocked by Brian Dumoulin.
3:17 of 1st period - Wrist shot by Shane Wright.
3:17 of 1st period - Stopped by Jordan Binnington without a rebound.
3:18 of 1st period - Leon Draisaitl wins face-off versus Leo Carlsson in Pittsburgh Penguins zone.
3:39 of 1st period - Penalty to Travis Sanheim is over, Travis Sanheim is back on ice.
3:45 of 1st period - Erik Karlsson is hit by Morgan Geekie and loses puck.
4:48 of 1st period - Snap shot by Tage Thompson.
4:48 of 1st period - Shot Misses the Net.
4:50 of 1st period - Snap shot by Pavel Buchnevich.
4:50 of 1st period - Stopped by Jesper Wallstedt without a rebound.
4:51 of 1st period - Ryan Suzuki wins face-off versus Tage Thompson in Chicago Black Hawks zone.
5:20 of 1st period - Snap shot by Matthew Beniers.
5:20 of 1st period - Shot Misses the Net.
5:38 of 1st period - Sam Reinhart is hit by Kevin Fiala.
6:24 of 1st period - Snap shot by Blake Coleman.
6:24 of 1st period - Stopped by Jesper Wallstedt without a rebound.
6:25 of 1st period - Luke Glendening wins face-off versus Phillip Danault in Chicago Black Hawks zone.
6:50 of 1st period - Zachary Werenski is hit by Erik Karlsson and loses puck.
7:01 of 1st period - Icing by Mitchell Marner.
7:02 of 1st period - Leon Draisaitl wins face-off versus Barrett Hayton in Pittsburgh Penguins zone.
7:02 of 1st period - Leon Draisaitl is hit by Ryan Suzuki.
7:08 of 1st period - Christopher Tanev is hit by Travis Sanheim and loses puck.
7:37 of 1st period - Christopher Tanev is hit by Ryan O'Reilly and loses puck.
7:56 of 1st period - Wrist shot by Leo Carlsson.
7:56 of 1st period - Shot Misses the Net.
9:58 of 1st period - Snap shot by Ryan O'Reilly.
9:58 of 1st period - Shot Blocked by Zachary Werenski.
10:08 of 1st period - Snap shot by Blake Coleman.
10:08 of 1st period - Stopped by Jesper Wallstedt without a rebound.
10:09 of 1st period - Leo Carlsson wins face-off versus Tage Thompson in Chicago Black Hawks zone.
10:23 of 1st period - Wrist shot by Leo Carlsson.
10:23 of 1st period - Shot Misses the Net.
10:25 of 1st period - Snap shot by Leo Carlsson.
10:25 of 1st period - Stopped by Jordan Binnington without a rebound.
10:26 of 1st period - Barrett Hayton wins face-off versus Leon Draisaitl in Pittsburgh Penguins zone.
10:27 of 1st period - Wrist shot by Morgan Geekie.
10:27 of 1st period - Stopped by Jordan Binnington with a rebound.
10:29 of 1st period - Wrist shot by Barrett Hayton.
10:29 of 1st period - Deflect By Morgan Geekie.
10:29 of 1st period - Stopped by Jordan Binnington without a rebound.
10:30 of 1st period - Barrett Hayton wins face-off versus Leon Draisaitl in Pittsburgh Penguins zone.
10:35 of 1st period - Wrist shot by Morgan Geekie.
10:35 of 1st period - Shot Misses the Net.
10:37 of 1st period - Slapshot by Zachary Werenski.
10:37 of 1st period - Shot Misses the Net.
10:39 of 1st period - Slapshot by Zachary Werenski.
10:39 of 1st period - Stopped by Jordan Binnington with a rebound.
10:41 of 1st period - Wrist shot by Barrett Hayton.
10:41 of 1st period - Shot Misses the Net.
10:43 of 1st period - Slapshot by Barrett Hayton.
10:43 of 1st period - Stopped by Jordan Binnington without a rebound.
10:44 of 1st period - Tage Thompson wins face-off versus Lucas Raymond in Pittsburgh Penguins zone.
10:57 of 1st period - Kevin Fiala is hit by Pavel Buchnevich and loses puck.
11:15 of 1st period - Mattias Ekholm is hit by Barrett Hayton.
11:19 of 1st period - Ryan O'Reilly is hit by Morgan Geekie.
12:21 of 1st period - Snap shot by Lucas Raymond.
12:21 of 1st period - Shot Blocked by Travis Sanheim.
13:21 of 1st period - Slapshot by Shane Wright.
13:21 of 1st period - Shot Misses the Net.
13:49 of 1st period - Slapshot by Phillip Danault.
13:49 of 1st period - Stopped by Jesper Wallstedt without a rebound.
13:50 of 1st period - Leo Carlsson wins face-off versus Leon Draisaitl in Chicago Black Hawks zone.
14:01 of 1st period - Snap shot by Leon Draisaitl.
14:01 of 1st period - Deflect By Lucas Raymond.
14:01 of 1st period - Stopped by Jesper Wallstedt with a rebound.
14:07 of 1st period - Snap shot by Leon Draisaitl.
14:07 of 1st period - Shot Blocked by Leo Carlsson.
14:17 of 1st period - Travis Sanheim is hit by Ryan Lindgren and loses puck.
14:40 of 1st period - Erik Gudbranson is hit by Luke Glendening and loses puck.
15:01 of 1st period - Mitchell Marner is hit by Matthew Beniers and loses puck.
15:10 of 1st period - Wrist shot by Matthew Beniers.
15:10 of 1st period - Stopped by Jordan Binnington with a rebound.
15:12 of 1st period - Wrist shot by Shane Wright.
15:12 of 1st period - Deflect By Leon Draisaitl.
15:12 of 1st period - Stopped by Jordan Binnington without a rebound.
15:13 of 1st period - Leo Carlsson wins face-off versus Tage Thompson in Pittsburgh Penguins zone.
15:40 of 1st period - Justin Faulk is hit by Blake Coleman.
15:43 of 1st period - Off-side.
15:44 of 1st period - Barrett Hayton wins face-off versus Ryan O'Reilly in neutral zone.
15:51 of 1st period - Wrist shot by Jordan Eberle.
15:51 of 1st period - Stopped by Jesper Wallstedt with a rebound.
15:53 of 1st period - Slapshot by Ryan O'Reilly.
15:53 of 1st period - Shot Blocked by Barrett Hayton.
15:55 of 1st period - Snap shot by Ryan O'Reilly.
15:55 of 1st period - Shot Misses the Net.
15:57 of 1st period - Slapshot by Erik Karlsson.
15:57 of 1st period - Stopped by Jesper Wallstedt with a rebound.
15:59 of 1st period - Slapshot by Erik Karlsson.
15:59 of 1st period - Shot Blocked by Brent Burns.
16:25 of 1st period - Snap shot by Ryan O'Reilly.
16:25 of 1st period - Stopped by Jesper Wallstedt without a rebound.
16:26 of 1st period - Leon Draisaitl wins face-off versus Leo Carlsson in Chicago Black Hawks zone.
16:31 of 1st period - Slapshot by Mitchell Marner.
16:31 of 1st period - Stopped by Jesper Wallstedt without a rebound.
16:32 of 1st period - Leon Draisaitl wins face-off versus Lucas Raymond in Chicago Black Hawks zone.
16:35 of 1st period - Wrist shot by Leon Draisaitl.
16:35 of 1st period - Stopped by Jesper Wallstedt with a rebound.
17:02 of 1st period - Snap shot by Shane Wright.
17:02 of 1st period - Stopped by Jordan Binnington with a rebound.
17:18 of 1st period - Snap shot by Trevor Zegras.
17:18 of 1st period - Shot Misses the Net.
17:24 of 1st period - Ryan O'Reilly is hit by Luke Glendening and loses puck.
17:52 of 1st period - Icing by Erik Karlsson.
17:53 of 1st period - Phillip Danault wins face-off versus Leo Carlsson in Pittsburgh Penguins zone.
18:16 of 1st period - Minor Penalty to Zemgus Girgensons for Hooking.
18:17 of 1st period - Sam Reinhart wins face-off versus Leo Carlsson in Pittsburgh Penguins zone.
Goals for this period are 0 for Chicago Black Hawks vs 2 for Pittsburgh Penguins.
Shots for this period are 13 for Chicago Black Hawks vs 12 for Pittsburgh Penguins.

2nd period


0:01 of 2nd period - Barrett Hayton wins face-off versus Sam Reinhart in neutral zone.
0:14 of 2nd period - Slapshot by Barrett Hayton.
0:14 of 2nd period - Shot Misses the Net.
0:16 of 2nd period - Penalty to Zemgus Girgensons is over, Zemgus Girgensons is back on ice.
0:16 of 2nd period - Slapshot by Matthew Beniers.
0:16 of 2nd period - Stopped by Jordan Binnington with a rebound.
0:22 of 2nd period - Wrist shot by Tage Thompson.
0:22 of 2nd period - Deflect By Sam Reinhart.
0:22 of 2nd period - Shot Blocked by Leo Carlsson.
0:22 of 2nd period - Puck is out of play.
0:23 of 2nd period - Leo Carlsson wins face-off versus Ryan O'Reilly in Chicago Black Hawks zone.
0:40 of 2nd period - Wrist shot by Lucas Raymond.
0:40 of 2nd period - Stopped by Jordan Binnington without a rebound.
0:41 of 2nd period - Leon Draisaitl wins face-off versus Barrett Hayton in Pittsburgh Penguins zone.
0:54 of 2nd period - Snap shot by Leon Draisaitl.
0:54 of 2nd period - Stopped by Jesper Wallstedt with a rebound.
0:56 of 2nd period - Snap shot by Erik Karlsson.
0:56 of 2nd period - Shot Misses the Net.
0:58 of 2nd period - Slapshot by Travis Sanheim.
0:58 of 2nd period - Stopped by Jesper Wallstedt with a rebound.
1:15 of 2nd period - Wrist shot by Leo Carlsson.
1:15 of 2nd period - Stopped by Jordan Binnington without a rebound.
1:16 of 2nd period - Leo Carlsson wins face-off versus Tage Thompson in Pittsburgh Penguins zone.
1:31 of 2nd period - Wrist shot by Gabriel Vilardi.
1:31 of 2nd period - Stopped by Jesper Wallstedt with a rebound.
1:33 of 2nd period - Wrist shot by Tage Thompson.
1:33 of 2nd period - Stopped by Jesper Wallstedt with a rebound.
1:47 of 2nd period - Wrist shot by Blake Coleman.
1:47 of 2nd period - Stopped by Jesper Wallstedt without a rebound.
1:48 of 2nd period - Ryan O'Reilly wins face-off versus Barrett Hayton in Chicago Black Hawks zone.
1:57 of 2nd period - Slapshot by Zachary Werenski.
1:57 of 2nd period - Shot Misses the Net.
1:59 of 2nd period - Slapshot by Brent Burns.
1:59 of 2nd period - Deflect By Barrett Hayton.
1:59 of 2nd period - Shot Misses the Net.
1:59 of 2nd period - Puck is out of play.
2:00 of 2nd period - Leo Carlsson wins face-off versus Sam Reinhart in Pittsburgh Penguins zone.
2:15 of 2nd period - Slapshot by Lucas Raymond.
2:15 of 2nd period - Deflect By Kevin Fiala.
2:15 of 2nd period - Shot Misses the Net.
2:15 of 2nd period - Puck is out of play.
2:16 of 2nd period - Matthew Beniers wins face-off versus Tage Thompson in Pittsburgh Penguins zone.
2:43 of 2nd period - Icing by Zachary Werenski.
2:44 of 2nd period - Barrett Hayton wins face-off versus Leon Draisaitl in Chicago Black Hawks zone.
3:18 of 2nd period - Wrist shot by Leon Draisaitl.
3:18 of 2nd period - Stopped by Jesper Wallstedt without a rebound.
3:19 of 2nd period - Tage Thompson wins face-off versus Leo Carlsson in Chicago Black Hawks zone.
3:24 of 2nd period - Wrist shot by Tage Thompson.
3:24 of 2nd period - Stopped by Jesper Wallstedt with a rebound.
3:46 of 2nd period - Lucas Raymond is hit by Erik Karlsson and loses puck.
4:20 of 2nd period - Slapshot by Ryan O'Reilly.
4:20 of 2nd period - Shot Hit the Post.
4:22 of 2nd period - Snap shot by Carson Soucy.
4:22 of 2nd period - Deflect By Matthew Beniers.
4:22 of 2nd period - Stopped by Jesper Wallstedt with a rebound.
4:24 of 2nd period - Slapshot by Carson Soucy.
4:24 of 2nd period - Shot Misses the Net.
4:40 of 2nd period - Snap shot by Leon Draisaitl.
4:40 of 2nd period - Stopped by Jesper Wallstedt with a rebound.
4:58 of 2nd period - Luke Glendening is hit by Pavel Buchnevich and loses puck.
5:51 of 2nd period - Jordan Eberle is hit by Christopher Tanev and loses puck.
6:59 of 2nd period - Off-side.
7:00 of 2nd period - Mitchell Marner wins face-off versus Leo Carlsson in neutral zone.
7:33 of 2nd period - Wrist shot by Leon Draisaitl.
7:33 of 2nd period - Shot Misses the Net.
7:35 of 2nd period - Wrist shot by Sam Reinhart.
7:35 of 2nd period - Stopped by Jesper Wallstedt with a rebound.
7:49 of 2nd period - Snap shot by Leon Draisaitl.
7:49 of 2nd period - Goal by Leon Draisaitl - Chicago Black Hawks : 0 - Pittsburgh Penguins : 3.
7:50 of 2nd period - Tage Thompson wins face-off versus Matthew Beniers in neutral zone.
8:16 of 2nd period - Blake Coleman is hit by Zachary Werenski and loses puck.
9:05 of 2nd period - Slapshot by Shane Wright.
9:05 of 2nd period - Stopped by Jordan Binnington without a rebound.
9:06 of 2nd period - Tage Thompson wins face-off versus Matthew Beniers in Pittsburgh Penguins zone.
9:31 of 2nd period - Leo Carlsson is hit by Blake Coleman.
10:06 of 2nd period - Snap shot by Mitchell Marner.
10:06 of 2nd period - Deflect By Sam Reinhart.
10:06 of 2nd period - Stopped by Jesper Wallstedt with a rebound.
10:18 of 2nd period - Slapshot by Morgan Geekie.
10:18 of 2nd period - Stopped by Jordan Binnington with a rebound.
10:51 of 2nd period - Snap shot by Trevor Zegras.
10:51 of 2nd period - Shot Misses the Net.
11:11 of 2nd period - Slapshot by Zachary Werenski.
11:11 of 2nd period - Deflect By Matthew Beniers.
11:11 of 2nd period - Stopped by Jordan Binnington without a rebound.
11:12 of 2nd period - Barrett Hayton wins face-off versus Jordan Eberle in Pittsburgh Penguins zone.
11:15 of 2nd period - Snap shot by Barrett Hayton.
11:15 of 2nd period - Stopped by Jordan Binnington without a rebound.
11:16 of 2nd period - Barrett Hayton wins face-off versus Ryan O'Reilly in Pittsburgh Penguins zone.
11:45 of 2nd period - Wrist shot by Matthew Beniers.
11:45 of 2nd period - Shot Blocked by Erik Karlsson.
12:16 of 2nd period - Icing by Justin Faulk.
12:17 of 2nd period - Tage Thompson wins face-off versus Lucas Raymond in Chicago Black Hawks zone.
12:52 of 2nd period - Snap shot by Kevin Fiala.
12:52 of 2nd period - Shot Misses the Net.
12:54 of 2nd period - Snap shot by Shane Wright.
12:54 of 2nd period - Shot Blocked by Brian Dumoulin.
12:56 of 2nd period - Wrist shot by Matthew Beniers.
12:56 of 2nd period - Goal by Matthew Beniers - Chicago Black Hawks : 1 - Pittsburgh Penguins : 3.
12:57 of 2nd period - Tage Thompson wins face-off versus Matthew Beniers in neutral zone.
13:12 of 2nd period - Slapshot by Gabriel Vilardi.
13:12 of 2nd period - Shot Misses the Net.
13:20 of 2nd period - Tage Thompson is hit by Zachary Werenski.
14:20 of 2nd period - Wrist shot by Trevor Zegras.
14:20 of 2nd period - Deflect By Luke Glendening.
14:20 of 2nd period - Stopped by Jordan Binnington with a rebound.
14:22 of 2nd period - Snap shot by Ryan Lindgren.
14:22 of 2nd period - Deflect By Trevor Zegras.
14:22 of 2nd period - Shot Misses the Net.
14:22 of 2nd period - Puck is out of play.
14:23 of 2nd period - Matthew Beniers wins face-off versus Ryan O'Reilly in Pittsburgh Penguins zone.
14:32 of 2nd period - Wrist shot by Matthew Beniers.
14:32 of 2nd period - Goal by Matthew Beniers - Chicago Black Hawks : 2 - Pittsburgh Penguins : 3.
14:33 of 2nd period - Barrett Hayton wins face-off versus Tage Thompson in neutral zone.
15:26 of 2nd period - Wrist shot by Ryan O'Reilly.
15:26 of 2nd period - Shot Misses the Net.
15:44 of 2nd period - Wrist shot by Trevor Zegras.
15:44 of 2nd period - Shot Misses the Net.
16:09 of 2nd period - Snap shot by Morgan Geekie.
16:09 of 2nd period - Shot Misses the Net.
16:11 of 2nd period - Slapshot by Christopher Tanev.
16:11 of 2nd period - Stopped by Jordan Binnington without a rebound.
16:12 of 2nd period - Eeli Tolvanen wins face-off versus Leon Draisaitl in Pittsburgh Penguins zone.
16:49 of 2nd period - Slapshot by Shane Wright.
16:49 of 2nd period - Shot Misses the Net.
16:51 of 2nd period - Slapshot by Brent Burns.
16:51 of 2nd period - Shot Misses the Net.
16:53 of 2nd period - Wrist shot by Eeli Tolvanen.
16:53 of 2nd period - Stopped by Jordan Binnington with a rebound.
17:01 of 2nd period - Wrist shot by Shane Wright.
17:01 of 2nd period - Shot Misses the Net.
17:03 of 2nd period - Snap shot by Eeli Tolvanen.
17:03 of 2nd period - Shot Misses the Net.
17:05 of 2nd period - Slapshot by Shane Wright.
17:05 of 2nd period - Stopped by Jordan Binnington with a rebound.
17:07 of 2nd period - Slapshot by Brent Burns.
17:07 of 2nd period - Stopped by Jordan Binnington with a rebound.
17:11 of 2nd period - Slapshot by Zachary Werenski.
17:11 of 2nd period - Shot Misses the Net.
17:13 of 2nd period - Snap shot by Matthew Beniers.
17:13 of 2nd period - Deflect By Shane Wright.
17:13 of 2nd period - Shot Blocked by Brian Dumoulin.
17:13 of 2nd period - Puck is out of play.
17:14 of 2nd period - Ryan O'Reilly wins face-off versus Leo Carlsson in Pittsburgh Penguins zone.
17:41 of 2nd period - Ryan Suzuki is hit by Zemgus Girgensons and loses puck.
18:07 of 2nd period - Icing by Mitchell Marner.
18:08 of 2nd period - Leo Carlsson wins face-off versus Leon Draisaitl in Pittsburgh Penguins zone.
18:17 of 2nd period - Snap shot by Lucas Raymond.
18:17 of 2nd period - Shot Blocked by Erik Karlsson.
19:06 of 2nd period - Icing by Noah Dobson.
19:07 of 2nd period - Barrett Hayton wins face-off versus Ryan O'Reilly in Chicago Black Hawks zone.
19:09 of 2nd period - Icing by Morgan Geekie.
19:10 of 2nd period - Ryan O'Reilly wins face-off versus Barrett Hayton in Chicago Black Hawks zone.
19:28 of 2nd period - Icing by Erik Gudbranson.
19:29 of 2nd period - Ryan O'Reilly wins face-off versus Leo Carlsson in Pittsburgh Penguins zone.
Goals for this period are 2 for Chicago Black Hawks vs 1 for Pittsburgh Penguins.
Shots for this period are 14 for Chicago Black Hawks vs 12 for Pittsburgh Penguins.

3rd period


0:01 of 3rd period - Tage Thompson wins face-off versus Barrett Hayton in neutral zone.
0:12 of 3rd period - Mattias Ekholm is hit by Morgan Geekie and loses puck.
0:25 of 3rd period - Zachary Werenski is hit by Blake Coleman and loses puck.
0:52 of 3rd period - Slapshot by Phillip Danault.
0:52 of 3rd period - Shot Blocked by Leo Carlsson.
0:54 of 3rd period - Slapshot by Erik Karlsson.
0:54 of 3rd period - Stopped by Jesper Wallstedt with a rebound.
1:05 of 3rd period - Minor Penalty to Lucas Raymond for Slashing.
1:06 of 3rd period - Leon Draisaitl wins face-off versus Kevin Fiala in Chicago Black Hawks zone.
1:14 of 3rd period - Wrist shot by Mitchell Marner.
1:14 of 3rd period - Stopped by Jesper Wallstedt with a rebound.
1:16 of 3rd period - Snap shot by Sam Reinhart.
1:16 of 3rd period - Pittsburgh Penguins goal is going for a video replay.
1:16 of 3rd period - The goal is good.
1:16 of 3rd period - Goal by Sam Reinhart - Chicago Black Hawks : 2 - Pittsburgh Penguins : 4.
1:17 of 3rd period - Matthew Beniers wins face-off versus Tage Thompson in neutral zone.
1:20 of 3rd period - Slapshot by Zachary Werenski.
1:20 of 3rd period - Stopped by Jordan Binnington with a rebound.
1:22 of 3rd period - Slapshot by Zachary Werenski.
1:22 of 3rd period - Stopped by Jordan Binnington without a rebound.
1:23 of 3rd period - Matthew Beniers wins face-off versus Gabriel Vilardi in Pittsburgh Penguins zone.
2:08 of 3rd period - Icing by Zachary Werenski.
2:09 of 3rd period - Leon Draisaitl wins face-off versus Matthew Beniers in Chicago Black Hawks zone.
3:20 of 3rd period - Snap shot by Matthew Beniers.
3:20 of 3rd period - Stopped by Jordan Binnington without a rebound.
3:21 of 3rd period - Ryan Suzuki wins face-off versus Ryan O'Reilly in Pittsburgh Penguins zone.
3:36 of 3rd period - Wrist shot by Morgan Geekie.
3:36 of 3rd period - Stopped by Jordan Binnington with a rebound.
3:46 of 3rd period - Kevin Fiala is hit by Gabriel Vilardi and loses puck.
4:17 of 3rd period - Wrist shot by Zemgus Girgensons.
4:17 of 3rd period - Shot Misses the Net.
4:55 of 3rd period - Snap shot by Gabriel Vilardi.
4:55 of 3rd period - Shot Misses the Net.
5:03 of 3rd period - Trevor Lewis is hit by Pavel Buchnevich and loses puck.
5:16 of 3rd period - Wrist shot by Morgan Geekie.
5:16 of 3rd period - Shot Hit the Post.
5:18 of 3rd period - Snap shot by Morgan Geekie.
5:18 of 3rd period - Stopped by Jordan Binnington with a rebound.
5:28 of 3rd period - Travis Sanheim is hit by Kevin Fiala and loses puck.
5:48 of 3rd period - Icing by Luke Glendening.
5:49 of 3rd period - Luke Glendening wins face-off versus Blake Coleman in Chicago Black Hawks zone.
5:54 of 3rd period - Blake Coleman is hit by Trevor Zegras and loses puck.
6:05 of 3rd period - Ryan Suzuki is hit by Brian Dumoulin and loses puck.
6:12 of 3rd period - Wrist shot by Morgan Geekie.
6:12 of 3rd period - Stopped by Jordan Binnington with a rebound.
6:14 of 3rd period - Slapshot by Justin Faulk.
6:14 of 3rd period - Deflect By Barrett Hayton.
6:14 of 3rd period - Stopped by Jordan Binnington without a rebound.
6:15 of 3rd period - Tage Thompson wins face-off versus Leo Carlsson in Pittsburgh Penguins zone.
7:05 of 3rd period - Trevor Lewis is hit by Mitchell Marner and loses puck.
8:26 of 3rd period - Wrist shot by Barrett Hayton.
8:26 of 3rd period - Stopped by Jordan Binnington without a rebound.
8:27 of 3rd period - Barrett Hayton wins face-off versus Blake Coleman in Pittsburgh Penguins zone.
8:30 of 3rd period - Snap shot by Morgan Geekie.
8:30 of 3rd period - Shot Misses the Net.
8:32 of 3rd period - Slapshot by Noah Dobson.
8:32 of 3rd period - Shot Blocked by Brian Dumoulin.
8:34 of 3rd period - Wrist shot by Noah Dobson.
8:34 of 3rd period - Stopped by Jordan Binnington without a rebound.
8:35 of 3rd period - Tage Thompson wins face-off versus Barrett Hayton in Pittsburgh Penguins zone.
8:35 of 3rd period - Tage Thompson is hit by Brent Burns.
8:47 of 3rd period - Wrist shot by Morgan Geekie.
8:47 of 3rd period - Stopped by Jordan Binnington without a rebound.
8:48 of 3rd period - Leon Draisaitl wins face-off versus Lucas Raymond in Pittsburgh Penguins zone.
8:48 of 3rd period - Leon Draisaitl is hit by Brent Burns.
9:05 of 3rd period - Leon Draisaitl is hit by Kevin Fiala and loses puck.
9:59 of 3rd period - Trevor Lewis is hit by Christian Dvorak and loses puck.
10:32 of 3rd period - Trevor Lewis is hit by Travis Sanheim and loses puck.
11:27 of 3rd period - Snap shot by Zachary Werenski.
11:27 of 3rd period - Deflect By Shane Wright.
11:27 of 3rd period - Shot Misses the Net.
11:27 of 3rd period - Puck is out of play.
11:28 of 3rd period - Matthew Beniers wins face-off versus Phillip Danault in Pittsburgh Penguins zone.
11:38 of 3rd period - Minor Penalty to Zachary Werenski for Hooking.
11:39 of 3rd period - Tage Thompson wins face-off versus Lucas Raymond in Chicago Black Hawks zone.
12:05 of 3rd period - Mitchell Marner is hit by Kevin Fiala.
13:38 of 3rd period - Penalty to Zachary Werenski is over, Zachary Werenski is back on ice.
13:54 of 3rd period - Wrist shot by Trevor Zegras.
13:54 of 3rd period - Stopped by Jordan Binnington without a rebound.
13:55 of 3rd period - Ryan O'Reilly wins face-off versus Matthew Beniers in Pittsburgh Penguins zone.
13:55 of 3rd period - Ryan O'Reilly is hit by Matthew Beniers.
14:17 of 3rd period - Minor Penalty to Ryan Lindgren for Hooking.
14:18 of 3rd period - Tage Thompson wins face-off versus Leo Carlsson in Chicago Black Hawks zone.
14:19 of 3rd period - Slapshot by Pavel Buchnevich.
14:19 of 3rd period - Shot Blocked by Leo Carlsson.
14:21 of 3rd period - Wrist shot by Gabriel Vilardi.
14:21 of 3rd period - Stopped by Jesper Wallstedt with a rebound.
14:23 of 3rd period - Snap shot by Pavel Buchnevich.
14:23 of 3rd period - Shot Misses the Net.
14:25 of 3rd period - Slapshot by Mattias Ekholm.
14:25 of 3rd period - Goal by Mattias Ekholm - Chicago Black Hawks : 2 - Pittsburgh Penguins : 5.
14:26 of 3rd period - Leo Carlsson wins face-off versus Tage Thompson in neutral zone.
15:55 of 3rd period - Minor Penalty to Trevor Zegras for Cross-checking.
15:56 of 3rd period - Tage Thompson wins face-off versus Leo Carlsson in Chicago Black Hawks zone.
16:45 of 3rd period - Gabriel Vilardi is hit by Kevin Fiala and loses puck.
17:55 of 3rd period - Penalty to Trevor Zegras is over, Trevor Zegras is back on ice.
18:03 of 3rd period - Icing by Jordan Eberle.
18:04 of 3rd period - Blake Coleman wins face-off versus Matthew Beniers in Pittsburgh Penguins zone.
18:43 of 3rd period - Trevor Lewis is hit by Zemgus Girgensons and loses puck.
19:20 of 3rd period - Snap shot by Tage Thompson.
19:20 of 3rd period - Shot Misses the Net.
19:40 of 3rd period - Snap shot by Blake Coleman.
19:40 of 3rd period - Deflect By Jordan Eberle.
19:40 of 3rd period - Shot Misses the Net.
19:40 of 3rd period - Puck is out of play.
19:41 of 3rd period - Ryan O'Reilly wins face-off versus Leo Carlsson in Chicago Black Hawks zone.
19:44 of 3rd period - Wrist shot by Ryan O'Reilly.
19:44 of 3rd period - Shot Blocked by Brent Burns.
Goals for this period are 0 for Chicago Black Hawks vs 2 for Pittsburgh Penguins.
Shots for this period are 11 for Chicago Black Hawks vs 5 for Pittsburgh Penguins.